 Dungeon Crawl Stone Soup version 0.21-a0-426-g98080a9 (webtiles) character file.

115 GoodRolls the Conjurer (level 5, -1/28 HPs)
             Began as a Tengu Fire Elementalist on Nov 7, 2017.
             Slain by Pikel
             ... wielding a +1 whip of electrocution
              (6 damage)
             ... on level 3 of the Dungeon.
             The game lasted 00:05:37 (2012 turns).

GoodRolls the Conjurer (Tengu Fire Elementalist)    Turns: 2012, Time: 00:05:38

Health: -1/28      AC:  3    Str: 14    XL:     5   Next: 0%
Magic:  7/9        EV: 13    Int: 15    God:
Gold:   152        SH:  0    Dex: 15    Spells: 2/8 levels left

rFire    . . .     SeeInvis .   (no weapon)
rCold    . . .     Gourm    .   (no shield)
rNeg     . . .     Faith    .   a - +1 robe
rPois    .         Spirit   .   (helmet restricted)
rElec    .         Reflect  .   (no cloak)
rCorr    .         Harm     .   (no gloves)
MR       .....                  (boots unavailable)
Stlth    ++........             (no amulet)
HPRegen  0.09/turn              (no ring)
MPRegen  0.11/turn              (no ring)

@: mighty, very slightly contaminated
A: beak, talons 3, able to fly 1
a: Fly


You were on level 3 of the Dungeon.
You were near starving.

You visited 1 branch of the dungeon, and saw 4 of its levels.

You collected 152 gold pieces.

Inventory:

Armour
 a - a +1 robe (worn)
Jewellery
 h - an uncursed ring of flight {unknown}
 m - an uncursed ring of protection from magic {unknown}
Scrolls
 e - a scroll of identify
 i - a scroll of fog
Potions
 d - a potion of ambrosia
 g - a potion of mutation
 k - a potion of heal wounds {unknown}
Books
 b - a book of Flames

   Spells                             Type                      Level
   a - Flame Tongue                   Conjuration/Fire             1
   b - Throw Flame                    Conjuration/Fire             2
   c - Conjure Flame                  Conjuration/Fire             3
   d - Inner Flame                    Hexes/Fire                   3
   e - Sticky Flame                   Conjuration/Fire             4
   f - Fireball                       Conjuration/Fire             5
Comestibles
 c - a bread ration
 f - 3 royal jellies
 o - a meat ration


   Skills:
 - Level 2.1 Dodging
 - Level 2.0 Stealth
 + Level 2.0 Spellcasting
 - Level 6.1 Conjurations
 - Level 3.2 Fire Magic


You had 2 spell levels left.
You knew the following spells:

 Your Spells              Type           Power        Failure   Level  Hunger
a - Flame Tongue          Conj/Fire      ###..        3%          1    #......
b - Throw Flame           Conj/Fire      ###...       4%          2    ###....
c - Conjure Flame         Conj/Fire      ###.....     10%         3    ###....


Dungeon Overview and Level Annotations

Branches:
Dungeon (4/15)
 Temple: D:4-7

Altars:
Elyvilon
Yredelemnul
The Shining One

Annotations:
D:3 Pikel


Innate Abilities, Weirdness & Mutations

You have a beak for a mouth.
You have claws for feet.
You can fly.


Message History

Unknown command.
Casting: Flame Tongue
Confirm with . or Enter, or press ? or * to list all spells.
Aiming: Flame Tongue
Press: ? - help, Shift-Dir - straight line, f - Pikel, p - slave
Aim: Pikel, wielding a whip of electrocution and wearing a robe (severely wounded)
You miscast Flame Tongue.
You are very lightly contaminated with residual magic.
Nothing appears to happen.
The slave hits you.
* * * LOW HITPOINT WARNING * * *
Pikel barely misses you.
Casting: Flame Tongue
Confirm with . or Enter, or press ? or * to list all spells.
Aiming: Flame Tongue
Press: ? - help, Shift-Dir - straight line, f/p - Pikel
Aim: Pikel, wielding a whip of electrocution and wearing a robe (severely wounded)
The flame tongue misses Pikel.
The slave hits you.
* * * LOW HITPOINT WARNING * * *
Pikel hits you with a whip of electrocution.
You die...

###.####
#..>.p@#
.....##K#
##. #.#
... #.#
... ...
##.


You could see Pikel and a slave.

Vanquished Creatures
  A hound (D:4)
  3 adders
  An ooze (D:2)
  2 worms (D:2)
  A dart slug (D:1)
  A leopard gecko (D:2)
  An orc (D:4)
  6 bats
  3 giant cockroaches
  5 goblins
  5 hobgoblins
  3 frilled lizards
  5 kobolds
  7 rats
  A fungus (D:1)
45 creatures vanquished.

Notes
Turn   | Place    | Note
-------+----------+-------------------------------------------
     0 | D:1      | GoodRolls the Tengu Fire Elementalist began the quest for the Orb.
     0 | D:1      | Reached XP level 1. HP: 10/10 MP: 4/4
    21 | D:1      | Reached skill level 2 in Conjurations
   213 | D:1      | Reached XP level 2. HP: 11/15 MP: 1/6
   228 | D:1      | Learned a level 2 spell: Throw Flame
   300 | D:1      | Reached skill level 3 in Conjurations
   794 | D:1      | Reached XP level 3. HP: 16/19 MP: 3/7
   834 | D:1      | Learned a level 3 spell: Conjure Flame
   992 | D:1      | Reached skill level 4 in Conjurations
  1159 | D:2      | Found a glowing golden altar of the Shining One.
  1333 | D:2      | Reached skill level 5 in Conjurations
  1333 | D:2      | Reached XP level 4. HP: 23/24 MP: 5/8
  1369 | D:2      | Found a white marble altar of Elyvilon.
  1454 | D:2      | Found a basalt altar of Yredelemnul.
  1778 | D:2      | You fall through a shaft for 2 floors!
  1890 | D:4      | Reached skill level 6 in Conjurations
  1890 | D:4      | Gained mutation: You can fly. [Tengu growth]
  1890 | D:4      | Reached XP level 5. HP: 27/28 MP: 1/9
  1986 | D:4      | Noticed Pikel
  1988 | D:4      | Noticed a slave
  1990 | D:4      | Noticed a slave
  1991 | D:4      | Noticed a slave
  1992 | D:4      | Noticed a slave
  2006 | D:3      | HP: 1/28 [Pikel/whip of electrocution (13)]
  2012 | D:3      | Slain by Pikel

Vault maps used:
D:1:      lightli_arrival_boilingwater, minmay_gold_behind_fungi,
          minmay_misc_feat_diagonals, minmay_octomino_j4
D:2:      kennysheep_ying_yang, overflow_temple_1_default, lemuel_crystal_altar,
          first_bread, uniq_robin
D:3:      nicolae_gozag_seed_capital
D:4:      bloody_makhleb, uniq_pikel

Skill      XL: |  1  2  3  4 |
---------------+-------------+-----
Conjurations   | 2 3 5 6 |  6.1
Dodging        | |  2.1
Stealth        | |  2.0
Spellcasting   | |  2.0
Fire Magic     | |  3.2

Action                   |  1- 3 |  4- 6 || total
-------------------------+-------+-------++-------
Melee: Unarmed           |    29 |     4 ||    33
       Kick              |     9 |       ||     9
       Peck              |     4 |     1 ||     5
 Cast: Flame Tongue      |    51 |    28 ||    79
       Throw Flame       |     5 |     5 ||    10
  Use: Scroll            |       |     7 ||     7
       Potion            |       |     2 ||     2
 Stab: Sleeping          |     1 |       ||     1
  Eat: Chunk             |     3 |     1 ||     4
Armor: Robe              |     7 |     5 ||    12
Dodge: Dodged            |    28 |    18 ||    46

Table legend:
 A = Spawn XP
 B = Non-spawn XP
 C = Spawn XP percentage of total XP
 D = Spawn monster count
 E = Non-spawn monster count
 F = Spawn count percentage of total count
 G = Total turns spent on level
                    A         B        C        D         E        F      G
               +---------+---------+-------+---------+---------+-------+---------
         Total |       0 |     165 |   0.0 |       0 |      44 |   0.0 |  2012
               +---------+---------+-------+---------+---------+-------+---------
           D:1 |       0 |      41 |   0.0 |       0 |      26 |   0.0 |  1134
           D:2 |       0 |      63 |   0.0 |       0 |      15 |   0.0 |   644
           D:4 |       0 |      61 |   0.0 |       0 |       3 |   0.0 |   226
               +---------+---------+-------+---------+---------+-------+---------
